BR
OCEANSIDE SWAMP FOXES @ HARTFORD DARTH WHALERS
09/01/2027
 
TOP OF THE 1ST
Oceanside Swamp Foxes batting - Pitching for Hartford Darth Whalers : RHP Pete Booker
Pitching: RHP Pete Booker
Batting: RHB Marshall Gross 0-0: Fly out, F7 (Flyball, 7)
Batting: LHB Rodrigo Pérez 0-0: Ball
1-0: Called Strike
1-1: Ball
2-1: Swinging Strike
2-2: Strikes out swinging
Batting: RHB José López 0-0: Called Strike
0-1: Ball
1-1: Ball
2-1: Swinging Strike
2-2: Ball
3-2: Foul Ball, location: 2F
3-2: Strikes out looking
Top of the 1st over - 0 run(s), 0 hit(s), 0 error(s), 0 left on base; Oceanside 0 - Hartford 0
BOTTOM OF THE 1ST
Hartford Darth Whalers batting - Pitching for Oceanside Swamp Foxes : LHP Jorge Mora
Pitching: LHP Jorge Mora
Batting: RHB José Chávez 0-0: Ball
1-0: Ball
2-0: Called Strike
2-1: Ball
3-1: Foul Ball, location: 2F
3-2: Foul Ball, location: 2F
3-2: Base on Balls
Batting: RHB Augusto Padilla 0-0: Ball
1-0: Called Strike
1-1: Ball
2-1: Grounds into double play, 4-6-3 (Groundball, 4)
Batting: RHB Sidney Smith 0-0: Foul Ball, location: 2F
0-1: Called Strike
0-2: Foul Ball, location: 2F
0-2: Ball
1-2: SINGLE (Line Drive, 6D)
Batting: RHB Sean White 0-0: Ball
Sidney Smith steals 2nd base
1-0: Foul Ball, location: 2F
1-1: Fly out, F9 (Flyball, 9S)
Bottom of the 1st over - 0 run(s), 1 hit(s), 0 error(s), 1 left on base; Oceanside 0 - Hartford 0
TOP OF THE 2ND
Oceanside Swamp Foxes batting - Pitching for Hartford Darth Whalers : RHP Pete Booker
Batting: LHB Gabriel Aguilera 0-0: Ball
1-0: Called Strike
1-1: Swinging Strike
1-2: SINGLE (Line Drive, 78M)
Batting: RHB Ed Nygaard 0-0: Ball
1-0: Ball
2-0: Fly out, F4 (Popup, 34)
Batting: LHB Clinton O'Brien 0-0: Swinging Strike
0-1: Foul Ball, location: 2F
0-2: Ball
1-2: Foul Ball, location: 2F
1-2: Foul Ball, location: 2F
1-2: Strikes out swinging
Batting: SHB Dale Winters 0-0: Ball
1-0: Swinging Strike
1-1: Swinging Strike
1-2: Ground out 5-3 (Groundball, 56)
Top of the 2nd over - 0 run(s), 1 hit(s), 0 error(s), 1 left on base; Oceanside 0 - Hartford 0
BOTTOM OF THE 2ND
Hartford Darth Whalers batting - Pitching for Oceanside Swamp Foxes : LHP Jorge Mora
Batting: LHB Pancho Hernández 0-0: Foul Ball, location: 2F
0-1: Called Strike
0-2: Foul Ball, location: 2F
0-2: Strikes out swinging, 2-3 out at first.
Batting: RHB Chester Mullins 0-0: DOUBLE (Line Drive, 78M)
Batting: RHB Manuel Cintrón 0-0: SINGLE (Groundball, 13S) (infield hit)
Chester Mullins to third
Batting: RHB Juan Chávez 0-0: Ball
1-0: Grounds into double play, 5-4-3 (Groundball, 56)
Bottom of the 2nd over - 0 run(s), 2 hit(s), 0 error(s), 1 left on base; Oceanside 0 - Hartford 0
TOP OF THE 3RD
Oceanside Swamp Foxes batting - Pitching for Hartford Darth Whalers : RHP Pete Booker
Batting: RHB Carlos Sánchez 0-0: Called Strike
0-1: Foul Ball, location: 2F
0-2: Ball
1-2: Ball
2-2: Strikes out swinging
Batting: LHB Arlen Powers 0-0: Ball
1-0: Swinging Strike
1-1: Foul Ball, location: 2F
1-2: Strikes out swinging
Batting: RHB Marshall Gross 0-0: Ball
1-0: Ball
2-0: SINGLE (Line Drive, 89S)
Batting: LHB Rodrigo Pérez 0-0: Ground out 4-3 (Groundball, 34)
Top of the 3rd over - 0 run(s), 1 hit(s), 0 error(s), 1 left on base; Oceanside 0 - Hartford 0
BOTTOM OF THE 3RD
Hartford Darth Whalers batting - Pitching for Oceanside Swamp Foxes : LHP Jorge Mora
Batting: RHB Ryan Thrippleton 0-0: Ball
1-0: Foul Ball, location: 2F
1-1: Ball
2-1: Ball
3-1: Called Strike
3-2: Foul Ball, location: 2F
3-2: Ground out 6-3 (Groundball, 6)
Batting: RHB José Chávez 0-0: Fly out, F8 (Flyball, 8RM)
Batting: RHB Augusto Padilla 0-0: Called Strike
0-1: Ball
1-1: Ball
2-1: Reached on error, E4 (Groundball, 4M)
Batting: RHB Sidney Smith 0-0: Ball
1-0: Swinging Strike
1-1: Ball
2-1: DOUBLE (Line Drive, 78XD)
Augusto Padilla to third
Runner from 3rd tries for Home, SAFE, no throw
Batting: RHB Sean White 0-0: Called Strike
0-1: Foul Ball, location: 2F
0-2: Fly out, F2 (Popup, 5S)
Bottom of the 3rd over - 1 run(s), 1 hit(s), 1 error(s), 1 left on base; Oceanside 0 - Hartford 1
TOP OF THE 4TH
Oceanside Swamp Foxes batting - Pitching for Hartford Darth Whalers : RHP Pete Booker
Batting: RHB José López 0-0: Called Strike
0-1: Ground out 5-3 (Groundball, 5)
Batting: LHB Gabriel Aguilera 0-0: Ball
1-0: Fly out, F7 (Flyball, 7)
Batting: RHB Ed Nygaard 0-0: Swinging Strike
0-1: Called Strike
0-2: Strikes out swinging
Top of the 4th over - 0 run(s), 0 hit(s), 0 error(s), 0 left on base; Oceanside 0 - Hartford 1
BOTTOM OF THE 4TH
Hartford Darth Whalers batting - Pitching for Oceanside Swamp Foxes : LHP Jorge Mora
Batting: LHB Pancho Hernández 0-0: Fly out, F9 (Line Drive, 9S)
Batting: RHB Chester Mullins 0-0: Called Strike
0-1: Ball
1-1: Fly out, F7 (Flyball, 78M)
Batting: RHB Manuel Cintrón 0-0: Called Strike
0-1: Called Strike
0-2: Ball
1-2: Foul Ball, location: 2F
1-2: Strikes out swinging
Bottom of the 4th over - 0 run(s), 0 hit(s), 0 error(s), 0 left on base; Oceanside 0 - Hartford 1
TOP OF THE 5TH
Oceanside Swamp Foxes batting - Pitching for Hartford Darth Whalers : RHP Pete Booker
Batting: LHB Clinton O'Brien 0-0: Fly out, F7 (Flyball, 7D)
Batting: SHB Dale Winters 0-0: Ball
1-0: Foul Ball, location: 2F
1-1: Swinging Strike
1-2: Ball
2-2: Ball
3-2: SINGLE (Groundball, 34S) (infield hit)
Batting: RHB Carlos Sánchez 0-0: DOUBLE (Line Drive, 9LS)
Dale Winters to third
Batting: LHB Arlen Powers 0-0: Fly out, F9 (Flyball, 9)
Runner from 3rd tags up, SCORES, no throw
Batting: RHB Marshall Gross 0-0: Ball
1-0: Called Strike
1-1: Foul Ball, location: 2F
1-2: Strikes out swinging
Top of the 5th over - 1 run(s), 2 hit(s), 0 error(s), 1 left on base; Oceanside 1 - Hartford 1
BOTTOM OF THE 5TH
Hartford Darth Whalers batting - Pitching for Oceanside Swamp Foxes : LHP Jorge Mora
Batting: RHB Juan Chávez 0-0: Ball
1-0: Ball
2-0: Ball
3-0: Called Strike
3-1: Called Strike
3-2: Fly out, F8 (Flyball, 8RM)
Batting: RHB Ryan Thrippleton 0-0: Called Strike
0-1: Ball
1-1: Ground out 6-3 (Groundball, 6)
Batting: RHB José Chávez 0-0: Ball
1-0: Called Strike
1-1: SINGLE (Groundball, 4D)
Batting: RHB Augusto Padilla 0-0: Foul Ball, location: 2F
0-1: Called Strike
0-2: SINGLE (Line Drive, 89S)
José Chávez to second
Batting: RHB Sidney Smith 0-0: Ball
1-0: Ball
2-0: Ball
3-0: Base on Balls
José Chávez to third
Augusto Padilla to second
Batting: RHB Sean White 0-0: Ball
1-0: Called Strike
1-1: Ground out 1-3 (Groundball, P)
Bottom of the 5th over - 0 run(s), 2 hit(s), 0 error(s), 3 left on base; Oceanside 1 - Hartford 1
TOP OF THE 6TH
Oceanside Swamp Foxes batting - Pitching for Hartford Darth Whalers : RHP Pete Booker
Batting: LHB Rodrigo Pérez 0-0: Foul Ball, location: 2F
0-1: Ground out U3 (Groundball, 3L)
Batting: RHB José López 0-0: Ball
1-0: Ground out 5-3 (Groundball, 56)
Batting: LHB Gabriel Aguilera 0-0: Ball
1-0: Called Strike
1-1: Ball
2-1: Swinging Strike
2-2: Ball
3-2: Strikes out swinging
Top of the 6th over - 0 run(s), 0 hit(s), 0 error(s), 0 left on base; Oceanside 1 - Hartford 1
BOTTOM OF THE 6TH
Hartford Darth Whalers batting - Pitching for Oceanside Swamp Foxes : LHP Jorge Mora
Batting: LHB Pancho Hernández 0-0: Ball
1-0: Foul Ball, location: 2F
1-1: Fly out, F6 (Popup, 6)
Pitching: RHP Roberto Carbaja
Batting: RHB Chester Mullins 0-0: Called Strike
0-1: Ball
1-1: Fly out, F7 (Flyball, 7S)
Batting: RHB Manuel Cintrón 0-0: SINGLE (Line Drive, 8RS)
Batting: RHB Juan Chávez 0-0: Called Strike
Manuel Cintrón steals 2nd base
0-1: Ground out 4-3 (Groundball, 4)
Bottom of the 6th over - 0 run(s), 1 hit(s), 0 error(s), 1 left on base; Oceanside 1 - Hartford 1
TOP OF THE 7TH
Oceanside Swamp Foxes batting - Pitching for Hartford Darth Whalers : RHP Pete Booker
Batting: RHB Ed Nygaard 0-0: Ball
1-0: Called Strike
1-1: Fly out, F4 (Popup, 4)
Pinch Hitting: RHB Cameron Irwin 0-0: Ball
1-0: Ball
2-0: Called Strike
2-1: Ball
3-1: Swinging Strike
3-2: Foul Ball, location: 2F
3-2: Strikes out looking
Batting: SHB Dale Winters 0-0: Called Strike
0-1: Called Strike
0-2: Strikes out swinging
Top of the 7th over - 0 run(s), 0 hit(s), 0 error(s), 0 left on base; Oceanside 1 - Hartford 1
BOTTOM OF THE 7TH
Hartford Darth Whalers batting - Pitching for Oceanside Swamp Foxes : RHP Roberto Carbaja
Now in RF: Cameron Irwin
Pinch Hitting: LHB César Martínez 0-0: Called Strike
0-1: Swinging Strike
0-2: Fly out, F7 (Flyball, 7LM)
Batting: RHB José Chávez 0-0: Swinging Strike
0-1: Foul Ball, location: 2F
0-2: Ball
1-2: SINGLE (Groundball, 25) (infield hit)
Pinch Hitting: LHB Gonzalo Gálvez 0-0: Ball
José Chávez steals 2nd base
1-0: Intentional Walk
Batting: RHB Sidney Smith 0-0: 3-RUN HOME RUN (Line Drive, 78D), Distance : 427 ft
Pitching: RHP Arlen Wright
Batting: RHB Sean White 0-0: Called Strike
0-1: Foul Ball, location: 2F
0-2: Ball
1-2: Fly out, F9 (Line Drive, 9)
Batting: LHB Pancho Hernández 0-0: Swinging Strike
0-1: Called Strike
0-2: Ball
1-2: Strikes out swinging
Bottom of the 7th over - 3 run(s), 2 hit(s), 0 error(s), 0 left on base; Oceanside 1 - Hartford 4
TOP OF THE 8TH
Oceanside Swamp Foxes batting - Pitching for Hartford Darth Whalers : RHP Pete Booker
Pitching: RHP Cipriano Vega
Now in LF: José Sánchez
Now in RF: Gonzalo Gálvez
Batting: RHB Carlos Sánchez 0-0: Ball
1-0: Foul Ball, location: 2F
1-1: Swinging Strike
1-2: Ball
2-2: Strikes out swinging
Batting: LHB Arlen Powers 0-0: Ball
1-0: Ground out 4-3 (Groundball, 34)
Batting: RHB Marshall Gross 0-0: Called Strike
0-1: Ball
1-1: Foul Ball, location: 2F
1-2: Ball
2-2: Hit by Pitch
Pitching: RHP Junior Pineault
Batting: LHB Rodrigo Pérez 0-0: SINGLE (Line Drive, 6D)
Marshall Gross to second
Batting: RHB José López 0-0: Called Strike
0-1: Called Strike
0-2: Strikes out swinging
Top of the 8th over - 0 run(s), 1 hit(s), 0 error(s), 2 left on base; Oceanside 1 - Hartford 4
BOTTOM OF THE 8TH
Hartford Darth Whalers batting - Pitching for Oceanside Swamp Foxes : RHP Arlen Wright
Batting: RHB Chester Mullins 0-0: SINGLE (Flyball, 7S)
Batting: RHB Manuel Cintrón 0-0: Fly out, F6 (Popup, 6MD)
Batting: RHB Juan Chávez 0-0: Called Strike
0-1: Ball
1-1: Ball
2-1: Swinging Strike
2-2: Strikes out swinging
Batting: RHB José Sánchez 0-0: Called Strike
0-1: Called Strike
0-2: Ball
1-2: Foul Ball, location: 2F
1-2: Foul Ball, location: 2F
1-2: Ball
2-2: Strikes out swinging
Bottom of the 8th over - 0 run(s), 1 hit(s), 0 error(s), 1 left on base; Oceanside 1 - Hartford 4
TOP OF THE 9TH
Oceanside Swamp Foxes batting - Pitching for Hartford Darth Whalers : RHP Junior Pineault
Pitching: RHP Raymond Gibbons
Batting: LHB Gabriel Aguilera 0-0: Called Strike
0-1: Called Strike
0-2: Ball
1-2: Ball
2-2: Foul Ball, location: 2F
2-2: Strikes out swinging, 2-3 out at first.
Batting: RHB Ed Nygaard 0-0: Fly out, F3 (Popup, 3L)
Batting: RHB Cameron Irwin 0-0: Ball
1-0: Ground out 1-3 (Groundball, 13)
Top of the 9th over - 0 run(s), 0 hit(s), 0 error(s), 0 left on base; Oceanside 1 - Hartford 4
Thursday, March 30th, 2017 - OOTP Baseball 17.12 Build 75